AoeStats
← 牧之原翔子

Black Forest

509107943Analyzed
2v2 RM · 5d ago on Sep 25, 2026· 108m 25s· 4 players
Game mode
Random Map
Map size
Medium (4 player)
Population
200
Speed
Normal
Resources
Standard
Victory
Conquest
Starting age
Dark Age
Ending age
Imperial Age
RankedLock teamsTeams togetherTeam positionsShared explorationLock speedFull tech treeHidden civsTurbo modeCheats
Victory
Defeat
🇩🇪 Bengalis · Germany
596
+17
🇰🇷 Saxons · South Korea
573
+18
🇨🇳 Persians · China
646
-19
🇨🇳 Teutons · China
582
-16
FrankSteel9190
13:28 Feudal Age
15:41 Wheelbarrow
18:40 Castle Age
16:46 Horse Collar
19:46 Heavy Plow
19:34 Double-Bit Axe
21:45 Bow Saw
23:48 Hand Cart
23:21 Loom
27:19 Caravan
31:58 Pikeman
31:59 Man-at-Arms
32:24 Gambesons
32:41 Squires
32:26 Arson
32:57 Masonry
33:08 Ballistics
33:18 Long Swordsman
34:11 Murder Holes
34:11 Town Watch
35:03 Town Patrol
37:44 Imperial Age
37:42 Forging
37:33 Scale Mail Armor
37:24 Fletching
37:35 Padded Archer Armor
37:40 Scale Barding Armor
38:08 Fortified Wall
38:29 Paiks
38:51 Mahayana
38:51 Conscription
37:52 Elite Ratha (Ranged)
39:41 Iron Casting
39:25 Chain Mail Armor
38:38 Two-Handed Swordsman
38:42 Halberdier
39:34 Siege Engineers
40:31 Chemistry
40:03 Architecture
38:58 Onager
39:02 Heavy Scorpion
39:04 Siege Elephant
40:26 Crop Rotation
41:01 Two-Man Saw
41:46 Blast Furnace
40:42 Bodkin Arrow
41:02 Leather Archer Armor
40:44 Champion
42:42 Chain Barding Armor
82:04 Plate Barding Armor
81:30 Bracer
82:00 Ring Archer Armor
ttuiop21
1:30 Loom
12:57 Feudal Age
22:23 Horse Collar
24:47 Castle Age
23:56 Forging
25:27 Scale Mail Armor
25:32 Scale Barding Armor
28:23 Gambesons
28:39 Squires
37:45 Imperial Age
37:13 Iron Casting
36:31 Fletching
37:15 Arson
39:14 Conscription
38:33 Pikeman
39:17 Padded Archer Armor
40:44 Chain Mail Armor
40:25 Bodkin Arrow
41:03 Husbandry
41:49 Leather Archer Armor
41:32 Town Watch
42:14 Double-Bit Axe
42:36 Capped Ram
43:42 Halberdier
44:16 Cranequins
55:57 Shield Wall
56:07 Light Cavalry
56:14 Siege Ram
56:40 Elite Skirmisher
57:41 Bracer
58:21 Bloodlines
62:03 Hoardings
61:00 Sappers
68:51 Hussar
73:51 Sanctity
74:10 Wheelbarrow
73:36 Town Patrol
76:24 Plate Mail Armor
76:24 Ring Archer Armor
76:15 Chain Barding Armor
76:01 Heavy Plow
77:11 Clerical Recruitment
78:33 Crop Rotation
78:41 Bow Saw
79:55 Hand Cart
81:45 Ballistics
82:26 Chemistry
81:34 Siege Engineers
81:23 Treadmill Crane
82:39 Caravan
82:52 Guilds
84:12 Two-Man Saw
牧之原翔子
0:39 Loom
12:08 Feudal Age
12:36 Horse Collar
19:47 Castle Age
17:52 Double-Bit Axe
18:03 Stone Mining
18:04 Gold Mining
20:35 Wheelbarrow
21:04 Bow Saw
22:06 Hand Cart
22:08 Heavy Plow
26:58 Town Watch
27:58 Stone Shaft Mining
28:01 Fletching
29:44 Caravan
30:16 Coinage
30:14 Bodkin Arrow
30:29 Forging
30:20 Scale Mail Armor
30:25 Scale Barding Armor
30:40 Squires
30:26 Gambesons
30:27 Arson
31:17 Bloodlines
35:24 Imperial Age
34:04 Iron Casting
33:50 Chain Barding Armor
35:19 Ironclad
37:27 Blast Furnace
37:03 Plate Barding Armor
36:43 Chain Mail Armor
36:29 Padded Archer Armor
36:52 Conscription
36:53 Crenellations
37:33 Hoardings
36:28 Sappers
37:46 Town Patrol
37:11 Elite Teutonic Knight
39:01 Two-Man Saw
38:34 Crop Rotation
37:30 Cavalier
39:34 Chemistry
38:45 Masonry
38:40 Siege Engineers
38:56 Ballistics
38:44 Siege Engineers
40:43 Banking
40:24 Guilds
43:03 Plate Mail Armor
42:49 Leather Archer Armor
41:57 Paladin
52:47 Ring Archer Armor
74:27 Bombard Tower
73:52 Arrowslits
73:58 Guard Tower
74:19 Fortified Wall
73:59 Heated Shot
91:02 Onager
94:55 Siege Onager
electronical
12:03 Feudal Age
12:46 Double-Bit Axe
17:59 Castle Age
17:59 Horse Collar
24:11 Wheelbarrow
24:02 Gold Mining
24:02 Stone Mining
24:41 Heavy Plow
26:21 Hand Cart
26:50 Stone Shaft Mining
26:48 Town Watch
27:58 Bow Saw
28:03 Forging
28:00 Scale Barding Armor
28:54 Gold Shaft Mining
33:50 Imperial Age
31:52 Town Patrol
31:51 Fletching
32:36 Iron Casting
32:22 Chain Barding Armor
32:02 Scale Mail Armor
32:03 Padded Archer Armor
33:03 Bodkin Arrow
33:25 Murder Holes
34:39 Crop Rotation
35:12 Blast Furnace
35:17 Two-Man Saw
33:44 Onager
35:36 Chemistry
34:57 Ballistics
34:48 Masonry
35:49 Conscription
35:07 Elite War Elephant
36:02 Citadels
36:24 Caravan
37:04 Coinage
36:45 Guilds
41:07 Architecture
42:29 Leather Archer Armor
42:29 Chain Mail Armor
42:50 Plate Barding Armor
44:30 Man-at-Arms
44:31 Pikeman
45:11 Squires
44:56 Gambesons
44:57 Arson
44:34 Crossbowman
45:19 Thumb Ring
44:35 Elite Skirmisher
45:40 Parthian Tactics
44:36 Heavy Cavalry Archer
47:23 Light Cavalry
48:14 Bloodlines
48:04 Husbandry
47:24 Cavalier
47:25 Heavy Camel Rider
50:08 Capped Ram
50:09 Heavy Scorpion
50:17 Savar
50:18 Hussar
53:22 Heated Shot
56:10 Devotion
56:46 Theocracy
56:06 Herbal Medicine
56:27 Block Printing
56:23 Fervor
56:51 Guard Tower
64:51 Banking
64:54 Ring Archer Armor
64:54 Plate Mail Armor
64:14 Loom
63:59 Siege Ram
82:50 Kamandaran
Connection lost

Rejoining the realm…

Still unreachable

The connection could not be restored.

Session expired

The server has moved on; the page needs a fresh start.